 Dungeon Crawl Stone Soup version 0.18.1-5-g4a78601 (webtiles) character file.

8794 deorigin the Fighter (level 11, -3/65 HPs)
             Began as a Vine Stalker Assassin on May 10, 2016.
             Was an Elder of Okawaru.
             Slain by a yak (7 damage)
             ... on level 10 of the Dungeon.
             The game lasted 00:30:44 (8532 turns).

deorigin the Fighter (Vine Stalker Assassin)        Turns: 8532, Time: 00:30:45

Health: -3/65      AC:  6    Str: 14    XL:     11   Next: 36%
Magic:  0/17       EV: 16    Int: 11    God:    Okawaru [****..]
Gold:   134        SH:  0    Dex: 24    Spells: 0 memorised, 17 levels left

rFire  + . .     SeeInvis .     G - +2 short sword (elec)
rCold  . . .     Gourm    .     u - +1 leather armour {rF+}
rNeg   . . .     Faith    .     (no shield)
rPois  +         Spirit   +     (no helmet)
rElec  .         Dismiss  .     d - +0 cloak
rCorr  .         Reflect  .     R - +0 pair of gloves
SustAt .         Harm     .     (no boots)
MR     +....                    (no amulet)
Stlth  ++++......               (no ring)
                                T - ring of poison resistance

@: agile, somewhat resistant to hostile enchantments, stealthy
A: fangs 3, regeneration 2, magic shield, antimagic bite, no device heal 3, rot
immunity
a: Heroism, Renounce Religion


You were on level 10 of the Dungeon.
You worshipped Okawaru.
Okawaru was greatly pleased with you.
You were not hungry.

You visited 2 branches of the dungeon, and saw 12 of its levels.
You also visited: Sewer.

You collected 524 gold pieces.
You spent 390 gold pieces at shops.

Inventory:

Hand Weapons
 b - a +0 blowgun
 k - a +0 falchion of electrocution
 y - the +4 quarterstaff "Anwyujit" {flame, Dex+2}
   (You found it on level 4 of the Dungeon)

   It has been specially enchanted to burn those struck by it, causing extra
   injury to most foes and up to half again as much damage against particularly
   susceptible opponents.
   It affects your dexterity (+2).
 G - a +2 short sword of electrocution (weapon)
 M - a +0 antimagic lajatang
Missiles
 e - 22 poisoned needles
 f - 2 curare-tipped needles
 o - 29 tomahawks (quivered)
 V - a throwing net
 X - 5 needles of confusion
 Y - 6 tomahawks of returning
Armour
 d - a +0 cloak (worn)
 u - a +1 leather armour of fire resistance (worn)
 R - a +0 pair of gloves (worn)
 S - the +1 ring mail "Tiffe" {rF+++ MP+9 Dex-5 SInv}
   (You found it on level 7 of the Dungeon)

   It affects your dexterity (-5).
   It renders you almost immune to fire.
   It affects your magic capacity (+9).
   It lets you see invisible.
Jewellery
 h - an uncursed amulet of dismissal
 T - a ring of poison resistance (left hand)
 U - a +2 ring of evasion {unknown}
Wands
 a - a wand of teleportation (1/9)
Scrolls
 c - a scroll of vulnerability {unknown}
 j - 5 scrolls of remove curse
 q - 3 scrolls of magic mapping
 r - a scroll of enchant weapon {unknown}
 s - 4 scrolls of blinking {unknown}
 t - a scroll of immolation {unknown}
 A - 4 scrolls of recharging {unknown}
 B - a scroll of summoning {unknown}
 C - 2 scrolls of amnesia {unknown}
 D - a scroll of fear {unknown}
 E - a scroll of fog {unknown}
 H - a scroll of teleportation {unknown}
 J - a scroll of random uselessness {unknown}
 L - 2 scrolls of enchant armour {unknown}
 Q - a scroll of noise {unknown}
Potions
 i - 6 potions of curing
 m - a potion of might
 x - a potion of agility
 z - 3 potions of flight
 P - a potion of haste
Books
 v - a Grand Grimoire

   Spells                             Type                      Level
   a - Monstrous Menagerie            Summoning                    7
   b - Summon Greater Demon           Summoning                    7
   c - Malign Gateway                 Summoning/Translocation      7
   d - Summon Horrible Things         Summoning                    8
 F - a book of Enchantments

   Spells                             Type                      Level
   a - Cause Fear                     Hexes                        4
   b - Yara's Violent Unravelling     Hexes/Transmutation          5
   c - Silence                        Hexes/Air                    5
   d - Deflect Missiles               Charms/Air                   6
   e - Haste                          Charms                       6
   f - Discord                        Hexes                        8
 I - a book of Annihilations

   Spells                             Type                      Level
   a - Poison Arrow                   Conjuration/Poison           6
   b - Chain Lightning                Conjuration/Air              8
   c - Lehudib's Crystal Spear        Conjuration/Earth            8
   d - Glaciate                       Conjuration/Ice              9
   e - Fire Storm                     Conjuration/Fire             9
 N - a Fen Folio

   Spells                             Type                      Level
   a - Corpse Rot                     Necromancy                   2
   b - Stone Arrow                    Conjuration/Earth            3
   c - Leda's Liquefaction            Hexes/Earth                  4
   d - Summon Forest                  Summoning/Translocation      5
   e - Hydra Form                     Transmutation                6
   f - Summon Hydra                   Summoning                    7
 O - a book of Summonings

   Spells                             Type                      Level
   a - Recall                         Summoning/Translocation      3
   b - Aura of Abjuration             Summoning                    5
   c - Summon Demon                   Summoning                    5
   d - Summon Forest                  Summoning/Translocation      5
   e - Summon Mana Viper              Hexes/Summoning              5
   f - Shadow Creatures               Summoning                    6
Comestibles
 g - 7 bread rations
 l - a chunk of flesh
 n - 10 beef jerkies
 p - 2 royal jellies
 w - 2 slices of pizza
 K - 8 fruits
 W - 5 meat rations


   Skills:
 - Level 11.2 Fighting
 + Level 9.8 Short Blades
 - Level 3.7 Staves
 - Level 1.7 Throwing
 - Level 1.2 Armour
 - Level 0.7 Dodging
 - Level 5.0 Stealth
 - Level 3.5 Spellcasting
 - Level 2.4 Invocations


You had 17 spell levels left.
You didn't know any spells.

Dungeon Overview and Level Annotations

Branches:
Dungeon (11/15)            Temple (1/1) D:7            Lair (0/8) D:8
    Orc (0/2) D:9

Altars:
Ashenzari
Cheibriados
Dithmenos
Elyvilon
Fedhas
Gozag
Kikubaaqudgha
Makhleb
Nemelex Xobeh
Okawaru
Pakellas
Qazlal
Ru
Sif Muna
Trog
Vehumet
Xom
Yredelemnul
Zin
The Shining One

Shops:
D:9 %   D:10 (

Annotations:
D:3 Chiseanne's ghost, amateur FoIE
D:5 Chiseanne's ghost, amateur FoIE


Innate Abilities, Weirdness & Mutations

You have razor-sharp teeth.
You heal very quickly.
When hurt, damage is shared between your health and your magic reserves.
Your bite disrupts and absorbs the magic of your enemies.
Potions and wands cannot restore your health.
You are immune to rotting.


Message History

* * * LOW HITPOINT WARNING * * *
The yak gores you.
* * * LOW HITPOINT WARNING * * *
You climb upwards.
The orc shouts!
There is a stone staircase leading down here.
Read which item? (? for menu, Esc to quit)
Okay, then.
Drink which item? (? for menu, Esc to quit)
You feel agile all of a sudden. The yak completely misses you.
The orc misses you. The yak barely misses you.
You hit the orc. You bite the orc. You drain its power.
You feel invigorated.
You kill the orc!
Okawaru accepts your kill.
You hit the yak. Your bite misses the yak.
The yak is almost dead.
The yak gores you!
* * * LOW HITPOINT WARNING * * *
The yak gores you!
You die...

.<.....'.....#+#.#......#
...#####.........#......#
.....# #.........#.######
...#.# #.........#.#
...#.# #..(..#'#.#.#
####.# ###'###...#(#
.....# #...##....#
############.##Y)###
.......).......Y@#
############.#####
)..........#.#
.######.##.#.#
.#.......#.#.#
.#.#####.#.#.#
.#......<..#.#
.###########.#
.............#


You could see 2 yaks.

Vanquished Creatures
  Nergalle (D:11)
  An elephant (D:8)
  2 trolls
  15 yaks
  3 hippogriffs
  2 hungry ghosts
  A soldier ant (D:10)
  A sky beast (D:10)
  2 orc warriors
  2 ice beasts
  2 phantoms
  8 ogres
  2 centaurs
  3 crocodiles
  2 big kobolds
  5 giant frogs
  A gnoll sergeant (D:11)
  A wyvern skeleton (D:10)
  5 scorpions
  5 wights (D:9)
  A howler monkey (D:4)
  2 electric eels (D:9)
  A giant frog zombie (D:5)
  2 crimson imps
  2 jellies
  A wasp zombie (D:7)
  A centaur zombie (D:11)
  5 orc wizards
  An orc priest (D:11)
  4 hounds
  5 centaur skeletons
  A giant frog skeleton (D:9)
  4 iguanas
  11 worker ants
  A killer bee zombie (D:5)
  A hound zombie (D:5)
  3 hound skeletons
  A worker ant zombie (D:6)
  9 gnolls
  8 adders
  A river rat (Sewer)
  2 shadow imps
  2 adder zombies
  3 worms
  2 dart slugs
  5 giant geckos
  30 orcs
  3 giant cockroaches
  6 goblins
  9 hobgoblins
  6 jackals
  4 quokkas
  A ball python (D:4)
  8 bats
  2 giant newts
  10 kobolds
  A quokka zombie (D:5)
  4 rats
  2 butterflies (D:7)
229 creatures vanquished.

Notes
Turn   | Place    | Note
--------------------------------------------------------------
     0 | D:1      | deorigin the Vine Stalker Assassin began the quest for the Orb.
     0 | D:1      | Reached XP level 1. HP: 11/11 MP: 2/2
    30 | D:1      | Reached skill level 5 in Stealth
    62 | D:1      | Reached skill level 2 in Fighting
    94 | D:1      | Reached XP level 2. HP: 15/15 MP: 3/3
   585 | D:1      | Found a shimmering altar of Xom.
   701 | D:2      | Reached XP level 3. HP: 19/19 MP: 4/4
  1673 | D:3      | Noticed Chiseanne's ghost (amateur FoIE)
  1830 | D:3      | Reached XP level 4. HP: 23/23 MP: 5/5
  1869 | D:4      | Reached skill level 1 in Armour
  1875 | D:4      | Got an ichor-stained quarterstaff
  1876 | D:4      | Identified the +4 quarterstaff "Anwyujit" {flame, Dex+2} (You found it on level 4 of the Dungeon)
  2005 | D:4      | Reached skill level 1 in Staves
  2144 | D:4      | Reached XP level 5. HP: 28/28 MP: 6/6
  2379 | D:5      | Entered Level 5 of the Dungeon
  2386 | D:5      | Reached skill level 3 in Fighting
  2413 | D:5      | Gained mutation: You heal very quickly. [Vine Stalker growth]
  2413 | D:5      | Reached XP level 6. HP: 32/32 MP: 7/7
  2528 | D:5      | Noticed Chiseanne's ghost (amateur FoIE)
  2792 | D:6      | Reached skill level 4 in Fighting
  2865 | D:6      | Reached XP level 7. HP: 35/38 MP: 8/8
  2886 | D:6      | Found a glowing drain.
  2911 | Sewer    | Entered a sewer
  3025 | Sewer    | Found a white marble altar of Elyvilon.
  3116 | D:6      | Reached skill level 5 in Fighting
  4013 | D:7      | Gained mutation: You have razor-sharp teeth. [Vine Stalker growth]
  4013 | D:7      | Reached XP level 8. HP: 44/44 MP: 7/9
  4024 | D:7      | Reached skill level 6 in Fighting
  4149 | D:7      | Reached skill level 7 in Fighting
  4175 | D:7      | HP: 2/46 [ogre/giant club (20)]
  4253 | D:7      | Reached skill level 5 in Short Blades
  4426 | D:7      | Noticed a yak
  4427 | D:7      | Noticed a yak
  4431 | D:7      | Noticed a yak
  4446 | D:7      | Killed a yak
  4446 | D:7      | Reached XP level 9. HP: 25/51 MP: 6/10
  4458 | D:7      | Reached skill level 8 in Fighting
  4585 | D:7      | Got an ichor-stained ring mail
  4596 | D:7      | Identified the +1 ring mail "Tiffe" {rF+++ MP+9 Dex-5 SInv} (You found it on level 7 of the Dungeon)
  4646 | D:7      | Found a staircase to the Ecumenical Temple.
  4677 | Temple   | Entered the Ecumenical Temple
  4779 | Temple   | Became a worshipper of Warmaster Okawaru
  5232 | D:8      | Found a staircase to the Lair.
  5234 | D:8      | Noticed an elephant
  5263 | D:8      | Killed an elephant
  5263 | D:8      | Reached * piety under Okawaru
  5263 | D:8      | Reached skill level 9 in Fighting
  5848 | D:9      | Reached XP level 10. HP: 58/58 MP: 11/11
  5892 | D:9      | Reached skill level 1 in Invocations
  6044 | D:9      | Found a bloodstained altar of Trog.
  6092 | D:9      | Reached ** piety under Okawaru
  6115 | D:9      | Reached skill level 10 in Fighting
  6232 | D:9      | Found Zirphuq's Food Shop.
  6252 | D:9      | Found a glowing golden altar of the Shining One.
  6519 | D:9      | Found a staircase to the Orcish Mines.
  6706 | D:9      | Reached skill level 1 in Spellcasting
  6732 | D:9      | Reached *** piety under Okawaru
  6732 | D:9      | Received a gift from Okawaru
  7120 | D:10     | Entered Level 10 of the Dungeon
  7282 | D:10     | Found Ulyuff's Antique Weapon Boutique.
  7289 | D:10     | Bought a glowing lajatang for 390 gold pieces
  7359 | D:10     | Found a burning altar of Makhleb.
  7368 | D:10     | Reached XP level 11. HP: 64/64 MP: 15/15
  7381 | D:10     | Reached **** piety under Okawaru
  7711 | D:10     | Reached skill level 11 in Fighting
  7836 | D:11     | Found an iron altar of Okawaru.
  8102 | D:11     | Noticed Nergalle
  8122 | D:11     | Killed Nergalle
  8532 | D:10     | Slain by a yak

Skill      XL: |  1  2  3  4  5  6  7  8  9 10 11 |
---------------+----------------------------------+-----
Stealth        | 5 |  5.0
Fighting       | 2 3 4 5 7 9 10 11 | 11.2
Short Blades   | 2 3 4 5 7 9 |  9.8
Armour         | 1 |  1.2
Staves         | 2 3 |  3.7
Invocations    | 2 |  2.4
Spellcasting   | 2 3 |  3.5
Throwing       | |  1.7
Dodging        | |  0.7

Action                   |  1- 3 |  4- 6 |  7- 9 | 10-12 || total
-------------------------+-------+-------+-------+-------++-------
Melee: Dagger            |   126 |     8 |       |       ||   134
       Bite              |    31 |    30 |    79 |   117 ||   257
       Quarterstaff      |       |    58 |       |     3 ||    61
       Short sword       |       |    28 |   257 |   315 ||   600
  Use: Scroll            |     3 |     2 |     5 |     1 ||    11
       Potion            |       |       |       |     1 ||     1
 Stab: Sleeping          |    13 |     5 |     9 |     6 ||    33
       Distracted        |       |       |     1 |       ||     1
  Eat: Chunk             |     2 |       |    11 |    11 ||    24
       Bread ration      |     1 |       |       |       ||     1
Armor: Robe              |    16 |       |       |       ||    16
       Ring mail         |    14 |       |       |       ||    14
       Leather armour    |     2 |    28 |    61 |    54 ||   145
Dodge: Dodged            |    69 |    42 |   106 |   122 ||   339
